Golden Knights vs Red Wings
Created - December 2, 2019 at 20:01
Goals
|
Golden Knights |
0 |
1 |
0 |
1 |
Red Wings |
2 |
2 |
0 |
4 |
|
Shots
|
Golden Knights |
16 |
10 |
7 |
33 |
Red Wings |
16 |
8 |
5 |
29 |
|
1st period
1. Red Wings , Connor Brown 12 (Adam Henrique 14, Mike Richards 17) at 7:21
2. Red Wings , David Krejci 2 (Petr Pohl 3, Sean Bergenheim 9) at 8:39
Penalties :
Vladimir Mihalik (Vgs) for Tripping (Minor) at 2:53
2nd period
3. Red Wings , Philip Samuelsson 3 (Ole-Kristian Tollefsen 10, James Reimer) at 0:46 (PP)
4. Golden Knights , Tim Connolly 6 (Alex Tanguay 6, Vladimir Mihalik 6) at 1:28
5. Red Wings , Connor Brown 13 (Adam Henrique 15, Mike Richards 18) at 12:22 (PP)
Penalties :
Chris Higgins (Vgs) for Interference (Minor) at 0:08, Brad Richardson (Vgs) for Diving (Minor) at 12:04, Alex Tanguay (Vgs) for Hooking (Minor) at 15:13, Philip Samuelsson (Det) for High sticking (Minor) at 18:43
3rd period
No Goal
Penalties :
Vladimir Mihalik (Vgs) for Interference (Minor) at 7:02, Chris Higgins (Vgs) for High sticking (Minor) at 17:51
Goalie Stats
Robin Lehner (Vgs), 25 saves from 29 shots - (0.862), L, 4-8-2, 60:00 minutes
James Reimer (Det), 32 saves from 33 shots - (0.970), W, 6-9-0, 60:00 minutes
Players Stats for Golden Knights
Player Name G A P +/- PIM S H SB GA TA FO MP PP MP PK MP
------------------------------------------------------------------------------------
Alex Tanguay 0 1 1 1 2 1 2 0 1 1 0/1 13:51 1:02 0:52
Andrei Loktionov 0 0 0 -1 0 5 3 0 0 0 6/15 14:28 1:28 0:00
Brad Richardson 0 0 0 1 2 0 0 0 0 0 0/0 11:09 0:00 0:00
Brandon Bollig 0 0 0 0 0 2 1 0 0 0 0/0 10:06 0:00 0:00
Chris Higgins 0 0 0 -1 4 0 0 1 0 0 0/0 15:03 0:00 0:23
Ilya Kovalchuk 0 0 0 -1 0 4 0 0 1 0 3/9 19:46 0:57 5:09
Jakub Kindl 0 0 0 -2 0 1 1 2 1 1 0/0 24:08 0:47 5:26
Jared Cowen 0 0 0 0 0 2 2 1 0 1 0/0 17:33 0:00 0:00
Mathew Dumba 0 0 0 1 0 0 0 0 1 0 0/0 17:01 0:00 3:26
Michael Frolik 0 0 0 -1 0 2 1 0 0 0 0/2 17:42 1:02 2:29
Michael Kostka 0 0 0 0 0 2 5 0 0 1 0/0 20:50 0:47 3:26
Patrice Cormier 0 0 0 -1 0 3 2 1 0 1 10/19 16:34 0:00 2:29
Scottie Upshall 0 0 0 0 0 1 0 0 0 0 0/0 10:06 0:00 0:00
Tim Connolly 1 0 1 1 0 1 1 0 1 0 4/8 13:03 0:31 1:14
Vincent Lecavalier 0 0 0 0 0 1 1 0 0 0 4/6 10:06 0:00 0:00
Vladimir Mihalik 0 1 1 1 4 1 2 2 1 0 0/0 13:11 1:12 0:00
Zach Bogosian 0 0 0 -2 0 2 1 2 0 1 0/0 27:20 1:12 5:26
Zack Kassian 0 0 0 -1 0 5 1 0 0 0 0/1 19:05 0:57 5:08
Players Stats for Red Wings
Player Name G A P +/- PIM S H SB GA TA FO MP PP MP PK MP
------------------------------------------------------------------------------------
Adam Henrique 0 2 2 1 0 6 2 0 0 0 1/2 22:08 5:10 0:00
Alex Picard 0 0 0 0 0 2 1 0 0 1 0/0 9:27 0:12 0:00
Andrew Alberts 0 0 0 0 0 0 0 0 0 0 0/0 5:39 0:00 0:46
Anton Volchenkov 0 0 0 0 0 0 1 0 0 1 0/0 10:43 0:00 0:46
Carson Mcmillan 0 0 0 0 0 4 1 0 2 0 0/1 16:24 0:00 1:00
Chris Kelly 0 0 0 0 0 2 0 0 0 0 1/2 12:15 3:40 0:00
Connor Brown 2 0 2 1 0 5 0 0 0 0 3/3 22:08 5:10 0:00
David Krejci 1 0 1 0 0 1 0 1 0 0 12/19 19:23 3:37 0:00
Jiri Fischer 0 0 0 0 0 0 0 0 2 1 0/0 19:25 3:16 1:13
Karl Alzner 0 0 0 2 0 2 1 2 0 1 0/0 20:55 3:16 0:00
Maxim Lapierre 0 0 0 0 0 1 1 0 0 0 3/5 8:09 0:00 0:59
Michael Haley 0 0 0 0 0 0 0 0 0 1 0/0 8:03 0:00 1:00
Mike Richards 0 2 2 1 0 1 3 2 1 0 12/27 22:01 5:03 0:00
Ole-Kristian Tollefsen 0 1 1 2 0 1 1 4 0 0 0/0 22:15 5:09 0:00
Petr Pohl 0 1 1 0 0 0 2 2 0 0 0/0 16:42 0:02 0:00
Philip Samuelsson 1 0 1 -1 2 1 2 1 0 0 0/0 22:50 5:36 0:00
Ryan O'Byrne 0 0 0 -1 0 0 0 1 0 1 0/0 18:19 0:27 1:13
Sean Bergenheim 0 1 1 0 0 3 4 1 1 0 2/2 21:14 3:42 0:59
3 Stars
1 - James Reimer (Det)
2 - Connor Brown (Det)
3 - Mike Richards (Det)
Power Play
Golden Knights - 0 on 1 Attempt(s) - 0.00%
Red Wings - 2 on 6 Attempt(s) - 33.33%
Penalty Kill
Golden Knights - 4 on 6 Attempt(s) - 66.67%
- Score 0 goal in Penalty Kill
Red Wings - 1 on 1 Attempt(s) - 100.00%
- Score 0 goal in Penalty Kill
Team Stat
Golden Knights - Hits : 23 - Faceoff Wins : 27 - Blocked Shots : 9 - Penalty Minutes : 12
Red Wings - Hits : 19 - Faceoff Wins : 34 - Blocked Shots : 14 - Penalty Minutes : 2
Official
Referees : Unknown
Linesman : Unknown
Game Notes
No Game Note
Finance
Level 1 -- Attendance: 6000 (100.00%) -- Ticket Income $642,000
Level 2 -- Attendance: 4061 (81.22%) -- Ticket Income $288,331
Level 3 -- Attendance: 1406 (70.30%) -- Ticket Income $67,488
Level 4 -- Attendance: 3268 (81.70%) -- Ticket Income $107,844
Luxury Box -- Attendance: 774 (77.40%) -- Ticket Income $147,060
Game was played at the Joe Louis Arena.
Total Attendance: 15509 (86.16%)
Total Ticket Income: $1,252,723
Other Income: $187,908
Total Income: $1,440,631
Golden Knights
5 vs 5 Forward
Center Left Wing Right Wing Time % Phy DF OF
1 Andrei Loktionov Ilya Kovalchuk Zack Kassian 30 1 2 2
2 Patrice Cormier Chris Higgins Michael Frolik 30 1 2 2
3 Tim Connolly Alex Tanguay Brad Richardson 25 1 2 2
4 Vincent Lecavalier Brandon Bollig Scottie Upshall 15 1 2 2
5 vs 5 Defense
Defense Defense Time % Phy DF OF
1 Zach Bogosian Jakub Kindl 40 1 2 2
2 Michael Kostka Jared Cowen 30 1 2 2
3 Mathew Dumba Vladimir Mihalik 20 1 2 2
4 Zach Bogosian Jared Cowen 10 1 2 2
PowerPlay Forward
Center Left Wing Right Wing Time % Phy DF OF
1 Andrei Loktionov Ilya Kovalchuk Zack Kassian 50 1 2 2
2 Andrei Loktionov Alex Tanguay Michael Frolik 50 1 2 2
PowerPlay Defense
Defense Defense Time % Phy DF OF
1 Zach Bogosian Vladimir Mihalik 50 1 2 2
2 Michael Kostka Jakub Kindl 50 1 2 2
Penalty Kill 4 Players Forward
Center Wing Time % Phy DF OF
1 Ilya Kovalchuk Zack Kassian 60 1 2 2
2 Patrice Cormier Michael Frolik 40 1 2 2
Penalty Kill 4 Players Defense
Defense Defense Time % Phy DF OF
1 Zach Bogosian Jakub Kindl 60 1 2 2
2 Michael Kostka Mathew Dumba 40 1 2 2
Penalty Kill - 3 Players Forward
Forward Time % Phy DF OF
1 Ilya Kovalchuk 70 1 2 2
2 Zack Kassian 30 1 2 2
Penalty Kill - 3 Players Defense
Defense Defense Time % Phy DF OF
1 Jakub Kindl Michael Kostka 70 1 2 2
2 Jared Cowen Zach Bogosian 30 1 2 2
4 vs 4 Forward
Center Wing Time % Phy DF OF
1 Tim Connolly Michael Frolik 50 1 2 2
2 Vincent Lecavalier Brandon Bollig 50 1 2 2
4 vs 4 Defense
Defense Defense Time % Phy DF OF
1 Zach Bogosian Jakub Kindl 50 1 2 2
2 Michael Kostka Jared Cowen 50 1 2 2
Last Minutes Offensive
Center Left Wing Right Wing Defense Defense
Andrei Loktionov Ilya Kovalchuk Michael Frolik Zach Bogosian Mathew Dumba
Last Minutes Defensive
Center Left Wing Right Wing Defense Defense
Patrice Cormier Chris Higgins Zack Kassian Michael Kostka Jakub Kindl
Goaltenders
Starting : Robin Lehner
Backup : Matt Hackett
Extra Forwards
Normal : Alex Tanguay, Scottie Upshall, Brad Richardson - PP : Alex Tanguay, Michael Frolik - PK : Ilya Kovalchuk
Extra Defensemen
Normal : Mathew Dumba, Vladimir Mihalik, Jakub Kindl - PP : Zach Bogosian - PK : Mathew Dumba, Michael Kostka
Penalty Shots
Ilya Kovalchuk, Michael Frolik, Vincent Lecavalier, Chris Higgins, Scottie Upshall
Scratches
None
Red Wings
5 vs 5 Forward
Center Left Wing Right Wing Time % Phy DF OF
1 Mike Richards Adam Henrique Connor Brown 38 0 2 3
2 David Krejci Sean Bergenheim Petr Pohl 37 0 2 3
3 Chris Kelly Alex Picard Carson Mcmillan 15 0 3 2
4 Maxim Lapierre Michael Haley Carson Mcmillan 10 1 2 2
5 vs 5 Defense
Defense Defense Time % Phy DF OF
1 Ryan O'Byrne Philip Samuelsson 35 0 3 2
2 Ole-Kristian Tollefsen Karl Alzner 35 0 3 2
3 Jiri Fischer Anton Volchenkov 20 0 3 2
4 Jiri Fischer Andrew Alberts 10 0 3 2
PowerPlay Forward
Center Left Wing Right Wing Time % Phy DF OF
1 Mike Richards Adam Henrique Connor Brown 55 0 1 4
2 David Krejci Sean Bergenheim Chris Kelly 45 0 1 4
PowerPlay Defense
Defense Defense Time % Phy DF OF
1 Philip Samuelsson Ole-Kristian Tollefsen 60 0 2 3
2 Jiri Fischer Karl Alzner 40 0 2 3
Penalty Kill 4 Players Forward
Center Wing Time % Phy DF OF
1 Michael Haley Carson Mcmillan 50 1 2 2
2 Sean Bergenheim Maxim Lapierre 50 1 2 2
Penalty Kill 4 Players Defense
Defense Defense Time % Phy DF OF
1 Ryan O'Byrne Jiri Fischer 50 1 2 2
2 Andrew Alberts Anton Volchenkov 50 1 2 2
Penalty Kill - 3 Players Forward
Forward Time % Phy DF OF
1 Carson Mcmillan 60 1 2 2
2 Michael Haley 40 1 2 2
Penalty Kill - 3 Players Defense
Defense Defense Time % Phy DF OF
1 Ryan O'Byrne Jiri Fischer 50 1 2 2
2 Philip Samuelsson Anton Volchenkov 50 1 2 2
4 vs 4 Forward
Center Wing Time % Phy DF OF
1 Mike Richards Adam Henrique 60 1 2 2
2 David Krejci Sean Bergenheim 40 1 2 2
4 vs 4 Defense
Defense Defense Time % Phy DF OF
1 Ryan O'Byrne Karl Alzner 60 1 2 2
2 Ole-Kristian Tollefsen Philip Samuelsson 40 1 2 2
Last Minutes Offensive
Center Left Wing Right Wing Defense Defense
Mike Richards Adam Henrique Sean Bergenheim Ole-Kristian Tollefsen Philip Samuelsson
Last Minutes Defensive
Center Left Wing Right Wing Defense Defense
Sean Bergenheim Michael Haley Carson Mcmillan Anton Volchenkov Ryan O'Byrne
Goaltenders
Starting : James Reimer
Backup : Josh Harding
Extra Forwards
Normal : Adam Henrique, Connor Brown, David Krejci - PP : David Krejci, Alex Picard - PK : Alex Picard
Extra Defensemen
Normal : Philip Samuelsson, Ole-Kristian Tollefsen, Karl Alzner - PP : Ryan O'Byrne - PK : Ole-Kristian Tollefsen, Karl Alzner
Penalty Shots
Mike Richards, Carson Mcmillan, Maxim Lapierre, Alex Picard, Sean Bergenheim
Scratches
Nick Bjugstad (Sprained Right Ankle Injury), Tomas Kopecky (Abdominal Strain Injury)
% Time on Ice - Golden Knights
Lines # - Real PCT - Wanted PCT - Time Play
Normal Forward
1 - 28% - 30% - 13:42
2 - 29% - 30% - 14:11
3 - 23% - 25% - 11:10
4 - 21% - 15% - 10:06
Normal Defense
1 - 37% - 40% - 18:01
2 - 34% - 30% - 16:37
3 - 24% - 20% - 11:50
4 - 5% - 10% - 2:41
PP Forward
1 - 48% - 50% - 0:57
2 - 52% - 50% - 1:02
PP Defense
1 - 61% - 50% - 1:12
2 - 39% - 50% - 0:47
PK Forward
1 - 72% - 60% - 6:23
2 - 28% - 40% - 2:29
PK Defense
1 - 61% - 60% - 5:26
2 - 39% - 40% - 3:26
PK3 Forward
1 - 0% - 70%
2 - 0% - 30%
PK3 Defense
1 - 0% - 70%
2 - 0% - 30%
44 Forward
1 - 0% - 50%
2 - 0% - 50%
44 Defense
1 - 0% - 50%
2 - 0% - 50%
Last Minute Offensive - 0:00
Last Minute Defensive - 0:00
Total
Forward - 60:00
Defense - 60:00
|
% Time on Ice - Red Wings
Lines # - Real PCT - Wanted PCT - Time Play
Normal Forward
1 - 35% - 38% - 16:58
2 - 34% - 37% - 16:33
3 - 17% - 15% - 8:35
4 - 14% - 10% - 7:03
Normal Defense
1 - 35% - 35% - 17:08
2 - 37% - 35% - 18:07
3 - 19% - 20% - 9:29
4 - 9% - 10% - 4:25
PP Forward
1 - 58% - 55% - 5:10
2 - 42% - 45% - 3:42
PP Defense
1 - 63% - 60% - 5:36
2 - 37% - 40% - 3:16
PK Forward
1 - 50% - 50% - 1:00
2 - 50% - 50% - 0:59
PK Defense
1 - 61% - 50% - 1:13
2 - 39% - 50% - 0:46
PK3 Forward
1 - 0% - 60%
2 - 0% - 40%
PK3 Defense
1 - 0% - 50%
2 - 0% - 50%
44 Forward
1 - 0% - 60%
2 - 0% - 40%
44 Defense
1 - 0% - 60%
2 - 0% - 40%
Last Minute Offensive - 0:00
Last Minute Defensive - 0:00
Total
Forward - 60:00
Defense - 60:00
|
Play-by-Play
1st period
0:01 of 1st period - Adam Henrique wins face-off versus Andrei Loktionov in neutral zone.
0:14 of 1st period - Snap shot by Mike Richards.
0:14 of 1st period - Shot Misses the Net.
1:26 of 1st period - Snap shot by Zack Kassian.
1:26 of 1st period - Stopped by James Reimer with a rebound.
1:28 of 1st period - Slapshot by Michael Kostka.
1:28 of 1st period - Deflect By Andrei Loktionov.
1:28 of 1st period - Shot Blocked by Ole-Kristian Tollefsen.
1:28 of 1st period - Puck is out of play.
1:29 of 1st period - Patrice Cormier wins face-off versus Mike Richards in Red Wings zone.
1:43 of 1st period - Off-side.
1:44 of 1st period - David Krejci wins face-off versus Tim Connolly in neutral zone.
1:47 of 1st period - Snap shot by Sean Bergenheim.
1:47 of 1st period - Stopped by Robin Lehner without a rebound.
1:48 of 1st period - David Krejci wins face-off versus Tim Connolly in Golden Knights zone.
1:49 of 1st period - Snap shot by Sean Bergenheim.
1:49 of 1st period - Stopped by Robin Lehner with a rebound.
1:51 of 1st period - Slapshot by Sean Bergenheim.
1:51 of 1st period - Shot Misses the Net.
1:53 of 1st period - Slapshot by Petr Pohl.
1:53 of 1st period - Shot Misses the Net.
1:55 of 1st period - Snap shot by Karl Alzner.
1:55 of 1st period - Deflect By Jakub Kindl.
1:55 of 1st period - Stopped by Robin Lehner without a rebound.
1:56 of 1st period - Patrice Cormier wins face-off versus David Krejci in Golden Knights zone.
2:23 of 1st period - Jiri Fischer is hit by Alex Tanguay.
2:35 of 1st period - Connor Brown is hit by Jared Cowen and loses puck.
2:53 of 1st period - Minor Penalty to Vladimir Mihalik for Tripping.
2:54 of 1st period - Connor Brown wins face-off versus Ilya Kovalchuk in Golden Knights zone.
3:02 of 1st period - Slapshot by Adam Henrique.
3:02 of 1st period - Stopped by Robin Lehner without a rebound.
3:03 of 1st period - Mike Richards wins face-off versus Ilya Kovalchuk in Golden Knights zone.
3:42 of 1st period - Snap shot by Mike Richards.
3:42 of 1st period - Stopped by Robin Lehner without a rebound.
3:43 of 1st period - David Krejci wins face-off versus Patrice Cormier in Golden Knights zone.
4:53 of 1st period - Penalty to Vladimir Mihalik is over, Vladimir Mihalik is back on ice.
5:06 of 1st period - Wrist shot by Vincent Lecavalier.
5:06 of 1st period - Shot Misses the Net.
5:30 of 1st period - Alex Picard is hit by Zach Bogosian and loses puck.
7:03 of 1st period - Slapshot by Alex Tanguay.
7:03 of 1st period - Stopped by James Reimer with a rebound.
7:21 of 1st period - Wrist shot by Connor Brown.
7:21 of 1st period - Goal by Connor Brown - Golden Knights : 0 - Red Wings : 1.
7:22 of 1st period - David Krejci wins face-off versus Patrice Cormier in neutral zone.
7:25 of 1st period - Patrice Cormier is hit by Sean Bergenheim and loses puck.
7:32 of 1st period - Snap shot by Petr Pohl.
7:32 of 1st period - Shot Blocked by Chris Higgins.
7:34 of 1st period - Slapshot by Anton Volchenkov.
7:34 of 1st period - Shot Blocked by Vladimir Mihalik.
7:36 of 1st period - Slapshot by Jiri Fischer.
7:36 of 1st period - Deflect By David Krejci.
7:36 of 1st period - Shot Misses the Net.
7:36 of 1st period - Puck is out of play.
7:37 of 1st period - Sean Bergenheim wins face-off versus Patrice Cormier in Golden Knights zone.
8:04 of 1st period - Philip Samuelsson is hit by Jakub Kindl and loses puck.
8:13 of 1st period - Wrist shot by Andrei Loktionov.
8:13 of 1st period - Stopped by James Reimer without a rebound.
8:14 of 1st period - Mike Richards wins face-off versus Alex Tanguay in Red Wings zone.
8:27 of 1st period - Backhand shot by Adam Henrique.
8:27 of 1st period - Stopped by Robin Lehner with a rebound.
8:31 of 1st period - Snap shot by Connor Brown.
8:31 of 1st period - Stopped by Robin Lehner without a rebound.
8:32 of 1st period - David Krejci wins face-off versus Patrice Cormier in Golden Knights zone.
8:39 of 1st period - Wrist shot by David Krejci.
8:39 of 1st period - Goal by David Krejci - Golden Knights : 0 - Red Wings : 2.
8:40 of 1st period - David Krejci wins face-off versus Patrice Cormier in neutral zone.
8:43 of 1st period - Michael Frolik is hit by Ole-Kristian Tollefsen.
8:49 of 1st period - Slapshot by Chris Higgins.
8:49 of 1st period - Shot Misses the Net.
8:51 of 1st period - Wrist shot by Chris Higgins.
8:51 of 1st period - Shot Blocked by Ole-Kristian Tollefsen.
8:53 of 1st period - Snap shot by Patrice Cormier.
8:53 of 1st period - Stopped by James Reimer with a rebound.
8:55 of 1st period - Slapshot by Jakub Kindl.
8:55 of 1st period - Shot Blocked by Ole-Kristian Tollefsen.
8:57 of 1st period - Snap shot by Patrice Cormier.
8:57 of 1st period - Stopped by James Reimer with a rebound.
9:07 of 1st period - Ilya Kovalchuk is hit by Mike Richards and loses puck.
9:25 of 1st period - Icing by Mike Richards.
9:26 of 1st period - Tim Connolly wins face-off versus Chris Kelly in Red Wings zone.
9:35 of 1st period - Karl Alzner is hit by Jared Cowen and loses puck.
10:14 of 1st period - Snap shot by Zack Kassian.
10:14 of 1st period - Stopped by James Reimer with a rebound.
10:16 of 1st period - Slapshot by Michael Kostka.
10:16 of 1st period - Shot Blocked by Mike Richards.
10:20 of 1st period - Snap shot by Zack Kassian.
10:20 of 1st period - Stopped by James Reimer with a rebound.
10:22 of 1st period - Snap shot by Ilya Kovalchuk.
10:22 of 1st period - Stopped by James Reimer without a rebound.
10:23 of 1st period - Vincent Lecavalier wins face-off versus Mike Richards in Red Wings zone.
10:28 of 1st period - Slapshot by Zach Bogosian.
10:28 of 1st period - Stopped by James Reimer with a rebound.
10:30 of 1st period - Slapshot by Jakub Kindl.
10:30 of 1st period - Stopped by James Reimer with a rebound.
10:32 of 1st period - Wrist shot by Vincent Lecavalier.
10:32 of 1st period - Shot Misses the Net.
10:48 of 1st period - Jakub Kindl is hit by Sean Bergenheim and loses puck.
10:57 of 1st period - Wrist shot by Michael Frolik.
10:57 of 1st period - Stopped by James Reimer with a rebound.
11:15 of 1st period - Wrist shot by Ilya Kovalchuk.
11:15 of 1st period - Stopped by James Reimer with a rebound.
11:17 of 1st period - Snap shot by Andrei Loktionov.
11:17 of 1st period - Shot Blocked by Philip Samuelsson.
11:19 of 1st period - Slapshot by Ilya Kovalchuk.
11:19 of 1st period - Stopped by James Reimer with a rebound.
12:07 of 1st period - Maxim Lapierre is hit by Michael Kostka and loses puck.
12:40 of 1st period - Tim Connolly is hit by Sean Bergenheim.
12:56 of 1st period - Jiri Fischer is hit by Michael Kostka and loses puck.
14:42 of 1st period - Slapshot by Zach Bogosian.
14:42 of 1st period - Stopped by James Reimer with a rebound.
14:44 of 1st period - Snap shot by Ilya Kovalchuk.
14:44 of 1st period - Deflect By Andrei Loktionov.
14:44 of 1st period - Shot Misses the Net.
14:44 of 1st period - Puck is out of play.
14:45 of 1st period - David Krejci wins face-off versus Andrei Loktionov in Red Wings zone.
15:30 of 1st period - Icing by Chris Kelly.
15:31 of 1st period - Chris Kelly wins face-off versus Andrei Loktionov in Red Wings zone.
15:38 of 1st period - Snap shot by Chris Kelly.
15:38 of 1st period - Stopped by Robin Lehner without a rebound.
15:39 of 1st period - David Krejci wins face-off versus Andrei Loktionov in Golden Knights zone.
15:58 of 1st period - Sean Bergenheim is hit by Andrei Loktionov and loses puck.
16:03 of 1st period - Snap shot by Andrei Loktionov.
16:03 of 1st period - Stopped by James Reimer with a rebound.
16:27 of 1st period - Slapshot by Zack Kassian.
16:27 of 1st period - Stopped by James Reimer without a rebound.
16:28 of 1st period - Patrice Cormier wins face-off versus Mike Richards in Red Wings zone.
16:41 of 1st period - Snap shot by Adam Henrique.
16:41 of 1st period - Stopped by Robin Lehner without a rebound.
16:42 of 1st period - Connor Brown wins face-off versus Tim Connolly in Golden Knights zone.
16:47 of 1st period - Wrist shot by Connor Brown.
16:47 of 1st period - Shot Misses the Net.
17:17 of 1st period - Snap shot by Carson Mcmillan.
17:17 of 1st period - Shot Misses the Net.
17:19 of 1st period - Snap shot by Chris Kelly.
17:19 of 1st period - Stopped by Robin Lehner with a rebound.
17:21 of 1st period - Snap shot by Alex Picard.
17:21 of 1st period - Stopped by Robin Lehner with a rebound.
17:42 of 1st period - David Krejci is hit by Patrice Cormier and loses puck.
18:05 of 1st period - Snap shot by Andrei Loktionov.
18:05 of 1st period - Shot Misses the Net.
18:07 of 1st period - Slapshot by Mathew Dumba.
18:07 of 1st period - Shot Blocked by Ryan O'Byrne.
18:09 of 1st period - Snap shot by Ilya Kovalchuk.
18:09 of 1st period - Shot Blocked by Petr Pohl.
18:19 of 1st period - Snap shot by Adam Henrique.
18:19 of 1st period - Deflect By Connor Brown.
18:19 of 1st period - Stopped by Robin Lehner with a rebound.
18:27 of 1st period - Snap shot by Adam Henrique.
18:27 of 1st period - Shot Blocked by Vladimir Mihalik.
18:29 of 1st period - Wrist shot by Adam Henrique.
18:29 of 1st period - Deflect By Connor Brown.
18:29 of 1st period - Shot Misses the Net.
18:29 of 1st period - Puck is out of play.
18:30 of 1st period - Patrice Cormier wins face-off versus Maxim Lapierre in Golden Knights zone.
18:43 of 1st period - Carson Mcmillan is hit by Michael Kostka and loses puck.
18:56 of 1st period - Alex Tanguay is hit by Mike Richards and loses puck.
19:05 of 1st period - Slapshot by Adam Henrique.
19:05 of 1st period - Stopped by Robin Lehner without a rebound.
19:06 of 1st period - Patrice Cormier wins face-off versus Mike Richards in Golden Knights zone.
19:35 of 1st period - Snap shot by Sean Bergenheim.
19:35 of 1st period - Stopped by Robin Lehner without a rebound.
19:36 of 1st period - David Krejci wins face-off versus Andrei Loktionov in Golden Knights zone.
Goals for this period are 0 for Golden Knights vs 2 for Red Wings.
Shots for this period are 16 for Golden Knights vs 16 for Red Wings.
2nd period
0:01 of 2nd period - Mike Richards wins face-off versus Patrice Cormier in neutral zone.
0:04 of 2nd period - Slapshot by Karl Alzner.
0:04 of 2nd period - Deflect By Adam Henrique.
0:04 of 2nd period - Shot Blocked by Jared Cowen.
0:04 of 2nd period - Puck is out of play.
0:05 of 2nd period - Patrice Cormier wins face-off versus Mike Richards in Golden Knights zone.
0:05 of 2nd period - Patrice Cormier is hit by Adam Henrique.
0:08 of 2nd period - Minor Penalty to Chris Higgins for Interference.
0:09 of 2nd period - Ilya Kovalchuk wins face-off versus Mike Richards in Golden Knights zone.
0:46 of 2nd period - Slapshot by Philip Samuelsson.
0:46 of 2nd period - Goal by Philip Samuelsson - Golden Knights : 0 - Red Wings : 3.
0:47 of 2nd period - Mike Richards wins face-off versus Michael Frolik in neutral zone.
0:52 of 2nd period - Snap shot by Adam Henrique.
0:52 of 2nd period - Shot Misses the Net.
0:54 of 2nd period - Wrist shot by Karl Alzner.
0:54 of 2nd period - Deflect By Michael Frolik.
0:54 of 2nd period - Stopped by Robin Lehner without a rebound.
0:55 of 2nd period - Mike Richards wins face-off versus Patrice Cormier in Golden Knights zone.
1:06 of 2nd period - Wrist shot by Mike Richards.
1:06 of 2nd period - Shot Blocked by Jakub Kindl.
1:08 of 2nd period - Wrist shot by Adam Henrique.
1:08 of 2nd period - Shot Blocked by Zach Bogosian.
1:10 of 2nd period - Slapshot by Connor Brown.
1:10 of 2nd period - Shot Misses the Net.
1:12 of 2nd period - Wrist shot by Adam Henrique.
1:12 of 2nd period - Shot Blocked by Zach Bogosian.
1:14 of 2nd period - Snap shot by Ole-Kristian Tollefsen.
1:14 of 2nd period - Shot Misses the Net.
1:16 of 2nd period - Snap shot by Ole-Kristian Tollefsen.
1:16 of 2nd period - Stopped by Robin Lehner without a rebound.
1:17 of 2nd period - Tim Connolly wins face-off versus David Krejci in Golden Knights zone.
1:28 of 2nd period - Snap shot by Tim Connolly.
1:28 of 2nd period - Goal by Tim Connolly - Golden Knights : 1 - Red Wings : 3.
1:29 of 2nd period - Vincent Lecavalier wins face-off versus Mike Richards in neutral zone.
1:32 of 2nd period - Ryan O'Byrne is hit by Brandon Bollig and loses puck.
1:41 of 2nd period - Scottie Upshall is hit by Mike Richards and loses puck.
2:19 of 2nd period - Snap shot by Carson Mcmillan.
2:19 of 2nd period - Stopped by Robin Lehner with a rebound.
2:41 of 2nd period - Snap shot by Adam Henrique.
2:41 of 2nd period - Shot Misses the Net.
3:01 of 2nd period - Mathew Dumba is hit by Carson Mcmillan and loses puck.
3:08 of 2nd period - Philip Samuelsson is hit by Vincent Lecavalier and loses puck.
3:15 of 2nd period - Philip Samuelsson is hit by Vladimir Mihalik.
3:25 of 2nd period - Mathew Dumba is hit by Anton Volchenkov.
4:12 of 2nd period - Snap shot by Michael Frolik.
4:12 of 2nd period - Deflect By Patrice Cormier.
4:12 of 2nd period - Stopped by James Reimer with a rebound.
5:02 of 2nd period - Slapshot by Tim Connolly.
5:02 of 2nd period - Shot Misses the Net.
5:04 of 2nd period - Wrist shot by Brad Richardson.
5:04 of 2nd period - Shot Misses the Net.
5:18 of 2nd period - Snap shot by Vincent Lecavalier.
5:18 of 2nd period - Shot Misses the Net.
5:20 of 2nd period - Wrist shot by Brandon Bollig.
5:20 of 2nd period - Stopped by James Reimer without a rebound.
5:21 of 2nd period - Vincent Lecavalier wins face-off versus David Krejci in Red Wings zone.
5:26 of 2nd period - Snap shot by Vincent Lecavalier.
5:26 of 2nd period - Stopped by James Reimer without a rebound.
5:27 of 2nd period - David Krejci wins face-off versus Andrei Loktionov in Red Wings zone.
5:27 of 2nd period - David Krejci is hit by Andrei Loktionov.
7:58 of 2nd period - Off-side.
7:59 of 2nd period - Andrei Loktionov wins face-off versus Maxim Lapierre in neutral zone.
9:03 of 2nd period - Vincent Lecavalier is hit by Petr Pohl and loses puck.
9:26 of 2nd period - Snap shot by Vincent Lecavalier.
9:26 of 2nd period - Shot Blocked by Ole-Kristian Tollefsen.
9:28 of 2nd period - Snap shot by Scottie Upshall.
9:28 of 2nd period - Shot Blocked by Karl Alzner.
9:30 of 2nd period - Backhand shot by Vincent Lecavalier.
9:30 of 2nd period - Shot Misses the Net.
9:32 of 2nd period - Slapshot by Michael Kostka.
9:32 of 2nd period - Deflect By Chris Kelly.
9:32 of 2nd period - Stopped by James Reimer with a rebound.
9:34 of 2nd period - Slapshot by Jared Cowen.
9:34 of 2nd period - Stopped by James Reimer with a rebound.
9:36 of 2nd period - Snap shot by Scottie Upshall.
9:36 of 2nd period - Shot Blocked by Karl Alzner.
10:00 of 2nd period - Scottie Upshall is hit by Karl Alzner and loses puck.
10:22 of 2nd period - Icing by Michael Kostka.
10:23 of 2nd period - Vincent Lecavalier wins face-off versus Mike Richards in Golden Knights zone.
11:08 of 2nd period - Wrist shot by Scottie Upshall.
11:08 of 2nd period - Stopped by James Reimer without a rebound.
11:09 of 2nd period - Mike Richards wins face-off versus Andrei Loktionov in Red Wings zone.
11:44 of 2nd period - Off-side.
11:45 of 2nd period - Tim Connolly wins face-off versus David Krejci in neutral zone.
12:04 of 2nd period - Minor Penalty to Brad Richardson for Diving.
12:05 of 2nd period - Ilya Kovalchuk wins face-off versus Mike Richards in Golden Knights zone.
12:22 of 2nd period - Wrist shot by Adam Henrique.
12:22 of 2nd period - Deflect By Connor Brown.
12:22 of 2nd period - Goal by Connor Brown - Golden Knights : 1 - Red Wings : 4.
12:23 of 2nd period - Andrei Loktionov wins face-off versus Mike Richards in neutral zone.
12:28 of 2nd period - Snap shot by Ilya Kovalchuk.
12:28 of 2nd period - Stopped by James Reimer without a rebound.
12:29 of 2nd period - Mike Richards wins face-off versus Andrei Loktionov in Red Wings zone.
13:19 of 2nd period - Snap shot by Andrei Loktionov.
13:19 of 2nd period - Stopped by James Reimer with a rebound.
13:21 of 2nd period - Wrist shot by Andrei Loktionov.
13:21 of 2nd period - Stopped by James Reimer without a rebound.
13:22 of 2nd period - David Krejci wins face-off versus Patrice Cormier in Red Wings zone.
14:06 of 2nd period - Jiri Fischer is hit by Tim Connolly and loses puck.
15:13 of 2nd period - Minor Penalty to Alex Tanguay for Hooking.
15:14 of 2nd period - Connor Brown wins face-off versus Ilya Kovalchuk in Golden Knights zone.
17:13 of 2nd period - Penalty to Alex Tanguay is over, Alex Tanguay is back on ice.
17:17 of 2nd period - Wrist shot by Alex Tanguay.
17:17 of 2nd period - Shot Misses the Net.
17:25 of 2nd period - Ilya Kovalchuk is hit by Alex Picard.
17:29 of 2nd period - Alex Picard is hit by Alex Tanguay and loses puck.
17:52 of 2nd period - Snap shot by Alex Picard.
17:52 of 2nd period - Stopped by Robin Lehner without a rebound.
17:53 of 2nd period - Maxim Lapierre wins face-off versus Vincent Lecavalier in Golden Knights zone.
17:54 of 2nd period - Snap shot by Carson Mcmillan.
17:54 of 2nd period - Stopped by Robin Lehner with a rebound.
17:56 of 2nd period - Snap shot by Carson Mcmillan.
17:56 of 2nd period - Stopped by Robin Lehner without a rebound.
17:57 of 2nd period - Maxim Lapierre wins face-off versus Vincent Lecavalier in Golden Knights zone.
18:43 of 2nd period - Minor Penalty to Philip Samuelsson for High sticking.
18:44 of 2nd period - Andrei Loktionov wins face-off versus Carson Mcmillan in Red Wings zone.
Goals for this period are 1 for Golden Knights vs 2 for Red Wings.
Shots for this period are 10 for Golden Knights vs 8 for Red Wings.
3rd period
0:01 of 3rd period - Sean Bergenheim wins face-off versus Andrei Loktionov in neutral zone.
0:04 of 3rd period - Slapshot by Jiri Fischer.
0:04 of 3rd period - Deflect By Maxim Lapierre.
0:04 of 3rd period - Stopped by Robin Lehner with a rebound.
0:43 of 3rd period - Penalty to Philip Samuelsson is over, Philip Samuelsson is back on ice.
1:47 of 3rd period - Snap shot by Alex Picard.
1:47 of 3rd period - Shot Misses the Net.
1:58 of 3rd period - Snap shot by Brandon Bollig.
1:58 of 3rd period - Shot Misses the Net.
2:00 of 3rd period - Snap shot by Brandon Bollig.
2:00 of 3rd period - Shot Blocked by Mike Richards.
2:02 of 3rd period - Slapshot by Brandon Bollig.
2:02 of 3rd period - Stopped by James Reimer without a rebound.
2:03 of 3rd period - Mike Richards wins face-off versus Patrice Cormier in Red Wings zone.
3:29 of 3rd period - Snap shot by Carson Mcmillan.
3:29 of 3rd period - Deflect By Maxim Lapierre.
3:29 of 3rd period - Shot Misses the Net.
3:29 of 3rd period - Puck is out of play.
3:30 of 3rd period - Mike Richards wins face-off versus Tim Connolly in Golden Knights zone.
3:55 of 3rd period - Petr Pohl is hit by Michael Kostka and loses puck.
4:07 of 3rd period - Icing by Philip Samuelsson.
4:08 of 3rd period - David Krejci wins face-off versus Zack Kassian in Red Wings zone.
4:08 of 3rd period - David Krejci is hit by Andrei Loktionov.
4:16 of 3rd period - Slapshot by Philip Samuelsson.
4:16 of 3rd period - Shot Blocked by Jakub Kindl.
4:34 of 3rd period - Snap shot by Petr Pohl.
4:34 of 3rd period - Shot Misses the Net.
4:40 of 3rd period - Wrist shot by Zack Kassian.
4:40 of 3rd period - Stopped by James Reimer without a rebound.
4:41 of 3rd period - Patrice Cormier wins face-off versus Mike Richards in Red Wings zone.
4:42 of 3rd period - Snap shot by Michael Frolik.
4:42 of 3rd period - Shot Misses the Net.
4:44 of 3rd period - Snap shot by Patrice Cormier.
4:44 of 3rd period - Shot Misses the Net.
5:08 of 3rd period - Karl Alzner is hit by Vladimir Mihalik.
5:34 of 3rd period - Slapshot by Jared Cowen.
5:34 of 3rd period - Shot Misses the Net.
6:10 of 3rd period - Jiri Fischer is hit by Michael Frolik and loses puck.
6:34 of 3rd period - Icing by Andrew Alberts.
6:35 of 3rd period - Andrei Loktionov wins face-off versus David Krejci in Red Wings zone.
6:44 of 3rd period - Slapshot by Andrei Loktionov.
6:44 of 3rd period - Stopped by James Reimer without a rebound.
6:45 of 3rd period - Mike Richards wins face-off versus Ilya Kovalchuk in Red Wings zone.
6:51 of 3rd period - Icing by Ilya Kovalchuk.
6:52 of 3rd period - Andrei Loktionov wins face-off versus Adam Henrique in Golden Knights zone.
7:02 of 3rd period - Minor Penalty to Vladimir Mihalik for Interference.
7:03 of 3rd period - Ilya Kovalchuk wins face-off versus Mike Richards in Golden Knights zone.
7:19 of 3rd period - Slapshot by Philip Samuelsson.
7:19 of 3rd period - Shot Misses the Net.
7:35 of 3rd period - Snap shot by David Krejci.
7:35 of 3rd period - Shot Misses the Net.
7:39 of 3rd period - Snap shot by David Krejci.
7:39 of 3rd period - Shot Misses the Net.
8:11 of 3rd period - Zach Bogosian is hit by Philip Samuelsson and loses puck.
8:40 of 3rd period - Backhand shot by Michael Frolik.
8:40 of 3rd period - Stopped by James Reimer without a rebound.
8:41 of 3rd period - Patrice Cormier wins face-off versus Mike Richards in Red Wings zone.
8:42 of 3rd period - Snap shot by Michael Frolik.
8:42 of 3rd period - Shot Misses the Net.
9:02 of 3rd period - Penalty to Vladimir Mihalik is over, Vladimir Mihalik is back on ice.
9:40 of 3rd period - Snap shot by Michael Frolik.
9:40 of 3rd period - Shot Misses the Net.
9:42 of 3rd period - Slapshot by Michael Kostka.
9:42 of 3rd period - Stopped by James Reimer with a rebound.
10:03 of 3rd period - Off-side.
10:04 of 3rd period - Patrice Cormier wins face-off versus David Krejci in neutral zone.
10:24 of 3rd period - Adam Henrique is hit by Zack Kassian and loses puck.
10:45 of 3rd period - Ilya Kovalchuk is hit by Maxim Lapierre and loses puck.
12:31 of 3rd period - Michael Frolik is hit by Petr Pohl and loses puck.
12:44 of 3rd period - Anton Volchenkov is hit by Michael Kostka and loses puck.
12:49 of 3rd period - Wrist shot by Scottie Upshall.
12:49 of 3rd period - Shot Misses the Net.
12:51 of 3rd period - Slapshot by Vladimir Mihalik.
12:51 of 3rd period - Stopped by James Reimer without a rebound.
12:52 of 3rd period - Andrei Loktionov wins face-off versus Mike Richards in Red Wings zone.
13:53 of 3rd period - Snap shot by Alex Tanguay.
13:53 of 3rd period - Shot Misses the Net.
13:55 of 3rd period - Wrist shot by Tim Connolly.
13:55 of 3rd period - Shot Misses the Net.
13:57 of 3rd period - Slapshot by Jared Cowen.
13:57 of 3rd period - Stopped by James Reimer without a rebound.
13:58 of 3rd period - Mike Richards wins face-off versus Ilya Kovalchuk in Red Wings zone.
14:03 of 3rd period - Snap shot by Adam Henrique.
14:03 of 3rd period - Stopped by Robin Lehner with a rebound.
14:05 of 3rd period - Snap shot by Adam Henrique.
14:05 of 3rd period - Shot Hit the Post.
14:24 of 3rd period - Vladimir Mihalik is hit by Sean Bergenheim and loses puck.
15:05 of 3rd period - Slapshot by Adam Henrique.
15:05 of 3rd period - Stopped by Robin Lehner with a rebound.
15:31 of 3rd period - Off-side.
15:32 of 3rd period - Maxim Lapierre wins face-off versus Michael Frolik in neutral zone.
15:37 of 3rd period - Wrist shot by Carson Mcmillan.
15:37 of 3rd period - Stopped by Robin Lehner without a rebound.
15:38 of 3rd period - Patrice Cormier wins face-off versus Mike Richards in Golden Knights zone.
15:54 of 3rd period - Off-side.
15:55 of 3rd period - Tim Connolly wins face-off versus David Krejci in neutral zone.
16:04 of 3rd period - Slapshot by Zach Bogosian.
16:04 of 3rd period - Shot Blocked by Sean Bergenheim.
16:06 of 3rd period - Snap shot by Tim Connolly.
16:06 of 3rd period - Shot Blocked by David Krejci.
16:08 of 3rd period - Snap shot by Brad Richardson.
16:08 of 3rd period - Shot Misses the Net.
16:10 of 3rd period - Snap shot by Alex Tanguay.
16:10 of 3rd period - Shot Blocked by Petr Pohl.
16:22 of 3rd period - Zach Bogosian is hit by Adam Henrique and loses puck.
17:41 of 3rd period - Snap shot by Connor Brown.
17:41 of 3rd period - Stopped by Robin Lehner with a rebound.
17:43 of 3rd period - Slapshot by Ole-Kristian Tollefsen.
17:43 of 3rd period - Shot Blocked by Patrice Cormier.
17:45 of 3rd period - Wrist shot by Connor Brown.
17:45 of 3rd period - Shot Misses the Net.
17:51 of 3rd period - Minor Penalty to Chris Higgins for High sticking.
17:52 of 3rd period - Mike Richards wins face-off versus Ilya Kovalchuk in Golden Knights zone.
18:20 of 3rd period - Ilya Kovalchuk is hit by Philip Samuelsson and loses puck.
19:11 of 3rd period - Jiri Fischer is hit by Patrice Cormier and loses puck.
19:51 of 3rd period - Penalty to Chris Higgins is over, Chris Higgins is back on ice.
Goals for this period are 0 for Golden Knights vs 0 for Red Wings.
Shots for this period are 7 for Golden Knights vs 5 for Red Wings.
Back to the Top